 Dungeon Crawl Stone Soup version 0.31-a0-219-g8d62b2e7bb (webtiles) character file.

Game seed: 950945168425622683

83 qw the Shooter (level 4, -8/27 HPs)
             Began as a Gargoyle Hexslinger on July 3, 2023.
             Killed by divine providence
             ... invoked by an orc priest
              (13 damage)
             ... on level 3 of the Dungeon.
             The game lasted 00:00:44 (1904 turns).

qw the Shooter (Gargoyle Hexslinger)                Turns: 1904, Time: 00:00:44

Health: -8/27      AC:  6    Str: 12    XL:     4   Next: 44%
Magic:  5/5        EV: 11    Int: 13    God:
Gold:   106        SH:  0    Dex: 14    Spells: 4/5 levels left

rFire   . . .        Y - +1 sling
rCold   . . .        (no shield)
rNeg    + . .        i - +0 leather armour
rPois   inf          (no helmet)
rElec   +            (no cloak)
rCorr   .            (no gloves)
SInv    .            (no boots)
Will    .....        (no amulet)
Stlth   +            (no ring)
HPRegen 0.24/turn    (no ring)
MPRegen 0.09/turn

%: no passive effects
@: no status effects
A: sickness immunity, AC +3, negative energy resistance 1, electricity
resistance, torment resistance 1, petrification resistance
a: no special abilities


You were on level 3 of the Dungeon.
You visited 1 branch of the dungeon, and saw 3 of its levels.

You collected 106 gold pieces.


Innate Abilities, Weirdness & Mutations

You are immune to sickness and miasma.
Your stone body is resilient. (AC +3)
You are immune to poison.
You resist negative energy. (rN+)
You are resistant to electric shocks. (rElec)
You are resistant to unholy torment.
You are immune to petrification.


   Skills:
 - Level 2.3 Fighting
 + Level 4.0 Ranged Weapons
 - Level 1.5 Dodging
 - Level 1.0 Spellcasting
 - Level 2.6 Hexes


You had 4 spell levels left.
You knew the following spells:

 Your Spells              Type           Power      Damage    Failure   Level
a - Slow                  Hex            28%        N/A       12%         1

Your spell library contained the following spells:

 Spells                   Type           Power      Damage    Failure   Level
 Inner Flame              Hex/Fire       4%         N/A       52%         3
 Portal Projectile        Hex/Tloc       8%         N/A       52%         3
 Cause Fear               Hex            3%         N/A       75%         4

Inventory:

Hand Weapons
 Y - a +1 sling (weapon)
Armour
 i - a +0 leather armour (worn)
Jewellery
 a - a +4 ring of protection
Potions
 h - a potion of degeneration {unknown}

Dungeon Overview and Level Annotations

Branches:
Dungeon (3/15)

Altars:

Shops:
D:2 [

Annotations:
D:3 Sigmund


Message History

You hear some strange, mumbled words.
Something tries to affect you, but you resist.
You shoot a sling bullet.
You hear some strange, mumbled words.
A puff of flame appears from out of thin air!
The puff of flame hits you!
You shoot a sling bullet. Something hits you.
You shoot a sling bullet.
An orc comes into view. It is wielding a +0 club.
Something hits you!
1897 ||| FLEEEEING.
An orc priest comes into view. It is wielding a +0 flail.
The orc priest shouts!
An orc comes into view. It is wielding a +0 whip.
Something hits you.
1898 ||| DRINKING potion of heal wounds.
You feel much better.
You shoot a sling bullet. The orc shouts!
Something hits you.
An orc comes into view. It is wielding a +0 whip.
The orc drinks a potion.
The orc flickers and vanishes!
You shoot a sling bullet. The sling bullet hits the orc priest.
The orc priest is lightly wounded.
You hear some strange, mumbled words.
A magic dart appears from out of thin air!
The magic dart hits you.
You shoot a sling bullet. Something hits you.
You shoot a sling bullet.
The sling bullet closely misses the orc priest.
The sling bullet hits the orc but does no damage.
Something hits you. x3
You shoot a sling bullet. Something hits you. x2
You shoot a sling bullet.
The orc priest invokes the aid of Beogh against you.
Beogh smites you!
You die...

#.#.# #.# #.#.# ...
##.#.# #.# #.....
#o# #..#.# #o#
#..... #o##
####..#.# #{{#
#........ ##@#.#
#.#.###.#
##.###<#####..## #..
#.## ##......#.###.#
##.###.......##.##..
##.#.######.###.#.#
##.## #.......# #.#
######### #.# #.#


You could see an orc priest and 2 orcs.

Vanquished Creatures
  3 adders
  A worm (D:2)
  2 dart slugs (D:2)
  3 bats (D:1)
  4 endoplasms
  2 giant cockroaches (D:2)
  4 goblins (D:2)
  4 hobgoblins
  6 jackals
  4 kobolds
  2 quokkas
  3 ball pythons
  A frilled lizard (D:1)
  7 rats
46 creatures vanquished.

Notes
Turn   | Place    | Note
-------+----------+-------------------------------------------
     0 | D:1      | qw the Gargoyle Hexslinger began the quest for the Orb.
     0 | D:1      | Reached XP level 1. HP: 12/12 MP: 2/2
     0 | D:1      | 0 ||| qw: Version: 0.3-a-40-ge99b1a8
     0 | D:1      | 0 ||| qw: Game counter: 333
     0 | D:1      | 0 ||| qw: Melee chars always use a shield: true
     0 | D:1      | 0 ||| qw: God list: Okawaru
     0 | D:1      | 0 ||| qw: Allow faded altars: false
     0 | D:1      | 0 ||| qw: Do Orc after clearing Dungeon:15 true
     0 | D:1      | 0 ||| qw: Do second Lair branch before Depths: true
     0 | D:1      | 0 ||| qw: Lair rune preference: random
     0 | D:1      | 0 ||| qw: Goals: Normal
     0 | D:1      | 0 ||| PLANNING D:1-11
   189 | D:1      | Reached XP level 2. HP: 16/16 MP: 3/3
   199 | D:1      | Found a faded altar of an unknown god.
   436 | D:1      | Reached skill level 3 in Ranged Weapons
   985 | D:1      | 985 ||| UPGRADING to +0 leather armour.
   995 | D:1      | 995 ||| DROPPING +0 robe.
   996 | D:1      | 996 ||| DROPPING ring of magical power.
   997 | D:1      | 997 ||| DROPPING ring of wizardry.
   998 | D:1      | 998 ||| READING scroll labelled WUELEMPOSABB.
   999 | D:1      | 999 ||| DRINKING 2 yellow potions.
  1000 | D:1      | 1000 ||| DROPPING scroll of poison.
  1072 | D:2      | 1072 ||| STAIRDANCE
  1075 | D:1      | Reached XP level 3. HP: 21/22 MP: 4/4
  1082 | D:2      | Found Ciloote's Armour Shoppe.
  1090 | D:2      | 1090 ||| SHOPLISTING +0 pair of gloves (54 gold, have 41).
  1090 | D:2      | 1090 ||| SHOPLISTING +0 ring mail (48 gold, have 41).
  1090 | D:2      | 1090 ||| SHOPLISTING +3 leather armour of cold resistance
                  | (288 gold, have 41).
  1327 | D:2      | Reached XP level 4. HP: 27/27 MP: 5/5
  1334 | D:2      | 1334 ||| Stepping ~*~*~tactically~*~*~ (outnumbered).
  1604 | D:2      | Reached skill level 4 in Ranged Weapons
  1825 | D:2      | 1825 ||| READING scroll labelled UFIS DIORA.
  1826 | D:2      | 1826 ||| READING 3 scrolls labelled ENICEU HAEGG.
  1827 | D:2      | 1827 ||| READING scroll labelled MATTOMMAJY.
  1828 | D:2      | 1828 ||| DROPPING 2 scrolls of fog.
  1887 | D:3      | Noticed Sigmund
  1896 | D:3      | HP: 6/27 [something (7)]
  1897 | D:3      | 1897 ||| FLEEEEING.
  1898 | D:3      | 1898 ||| DRINKING potion of heal wounds.
  1903 | D:3      | HP: 5/27 [something (6)]
  1904 | D:3      | Killed from afar by an orc priest

Levels and vault maps discovered:
D:1:      minmay_arrival_jagged, layout_loops_corners,
          shapermc_ecumenical_altar_ellora
D:2:      layout_basic, serial_shops, nicolae_shop_trees, dreamdust_wishing_well
D:3:      cheibrodos_old_hovel, layout_loops_ring, lemuel_doored_altar,
          uniq_robin, uniq_sigmund

Skill      XL: |  1  2  3  4 |
---------------+-------------+-----
Ranged Weapons | 3 4 |  4.0
Fighting       | 2 |  2.3
Dodging        | |  1.5
Spellcasting   | |  1.0
Hexes          | |  2.6

Action                     |  1- 3 |  4- 6 || total
---------------------------+-------+-------++-------
   Fire: Sling             |   105 |    68 ||   173
    Use: Scroll            |     1 |     3 ||     4
         Potion            |     1 |     1 ||     2
 Armour: Robe              |     5 |       ||     5
         Leather armour    |       |    17 ||    17
  Dodge: Dodged            |    40 |    26 ||    66

Table legend:
 A = Non-vault XP
 B = Vault XP
 C = Vault XP percentage of total XP
 D = Non-vault monster count
 E = Vault monster count
 F = Vault count percentage of total count
                 A         B        C        D         E       F
            +---------+---------+-------+---------+---------+-------
      Total |     119 |       0 |   0.0 |      46 |       0 |   0.0
            +---------+---------+-------+---------+---------+-------
        D:1 |      46 |       0 |   0.0 |      21 |       0 |   0.0
        D:2 |      73 |       0 |   0.0 |      25 |       0 |   0.0
            +---------+---------+-------+---------+---------+-------
